Hakan, chaotic male elven Wizard # ----- --------------- -------- |...| ------------- |..............#####|......| |...| #%...........| ------ |.............| #|......| |...| #|......)....| |....| |.............| #|......| |...| #|..+........| |....| |..............#####|......| |....# #----------.-- |....| -|---.--------- #.......|####...>|# #### # |....| ## ####### |......| -----# # # ##.....| # # --.----- # # # # --.--- ######## ## # # # @ ### ### ###### -------------.- # ######B############` # |.............| # # ---.-#######`# ### |.............| # # |...|# -.---|--- |.............| # # |...|# |.......| |.............| # ------# |....# |.......| --------------- ---- # |....|# |...| |.......| # |..| ###|.....# |...| --------- |..| #-..<.| |...| ---- ------ ----- Hakan the Conjurer Experience level: 4 Strength: 10 Dexterity: 12 Constitution: 16 Intelligence: 17 Wisdom: 10 Charisma: 12 Health: 0(29) Energy: 5(37) Def: 2 Gold: 504 Moves: 1251 Dungeon seed: JLZNd7xhJTGyxo4Y Game ID: Hakan_1517663038 Your Inventory: Coins $ - 504 gold pieces Amulets H - an uncursed amulet versus poison (being worn) Weapons a - a blessed +1 quarterstaff (weapon in hands) D - 8 blessed +2 shuriken Armor e - an uncursed +0 cloak of magic resistance (being worn) Scrolls i - a blessed scroll of enchant weapon j - an uncursed scroll of punishment C - an uncursed scroll of fire G - an uncursed scroll of teleportation Spellbooks m - an uncursed spellbook of cure sickness Potions f - an uncursed potion of gain ability g - an uncursed potion of confusion h - an uncursed potion of invisibility B - an uncursed potion of oil Rings c - an uncursed ring of shock resistance (on right hand) d - a blessed +1 ring of protection (on left hand) Wands b - a wand of digging (0:4) v - a wand of digging (0:6) A - a wand of slow monster (0:4) Tools n - a magic marker (0:45) o - an uncursed wooden flute p - an uncursed leash Gems q - 3 uncursed worthless pieces of yellowish brown glass Spells and supernatural/magical abilities: Name Level Category Fail Memory a - force bolt 1 attack 0% 94% K - cure sickness 3 healing 93% 94% W - pray for help -- divine ? -- Your skills at the end: Fighting Skills Weapon Skills quarterstaff [Basic] Spellcasting Skills attack spells [Basic] enchantment spells [Basic] Final Attributes: You were devoutly aligned. You were sleep resistant. You were shock resistant. You were poison resistant. You were magic-protected. You had infravision. You aggravated monsters. You were protected. You are dead. Vanquished creatures: a shrieker a floating eye a kitten a homunculus 2 rothes an acid blob a gas spore a green mold a gecko a fox 3 goblins a sewer rat 2 lichens a kobold zombie 2 newts 20 creatures vanquished. Voluntary challenges: You used a wielded weapon 14 times, starting on turn 4. You read items or engraved 5 times, starting on turn 151. You never genocided any monsters. You never polymorphed an object. You never changed form. You used no wishes. You never split a pudding. You never wrote Elbereth's name. You violated your moral code, losing 15 points of alignment, starting on turn 667. Dungeon overview: The Dungeons of Doom: levels 1 to 5 Level 1 a long staircase Level 2 a fountain, a sink Level 3 a fountain Level 4 some fountains Level 5 <- You were here an altar to Anhur History has recorded: On T:1 you entered the Dungeons of Doom to retrieve the Amulet of Yendor! On T:181 you advanced to experience level 2. On T:206 you reached level 2 of The Dungeons of Doom. On T:501 you reached level 3 of The Dungeons of Doom. On T:623 you reached level 4 of The Dungeons of Doom. On T:667 you advanced to experience level 3. On T:836 you advanced to experience level 4. On T:895 you reached level 5 of The Dungeons of Doom. Score breakdown: Gold: 504 ( 9195 points) Experience: 4 levels ( 9649 points) Exploration: 5 levels ( 10.00%) ( 8571 points) Discoveries: 4 items ( 1.45%) ( 3611 points) Valuables value: (no points given unless you survive) Artifact value: 0 ( 0 points) Variety of kills: 15 monsters ( 3.94%) ( 5952 points) Turncount: 1251 turns ( 0 points) Survival: died (score multiplied by 80%) Total score: 29582 Latest messages: The potion of hallucination misses the rothe. A cursed potion of hallucination shatters! You start playing the wooden flute. The wooden flute toots. You kill the rothe! There is an open door here. You see here a rothe corpse. You feel smart! Gee! All of a sudden, you can't see yourself. There is an open door here. You see here a rothe corpse. As you read the scroll, it disappears. A map coalesces in your mind! There is an open door here. You see here a rothe corpse. You hear the footsteps of a guard on patrol. You are no longer invisible. The giant bat bites! (2x) You die... Final status: Goodbye Hakan the Wizard, killed by a giant bat... You died in The Dungeons of Doom on dungeon level 5 with 29582 points, and 504 pieces of gold, after 1251 moves. You were level 4 with a maximum of 29 hit points when you died.